 Dungeon Crawl Stone Soup version 0.21.1-1-g345015f (webtiles) character file.

4805 microfolk the Fighter (level 10, -4/106 HPs)
             Began as a Purple Draconian Transmuter on May 9, 2018.
             Was a Follower of Fedhas.
             Slain by a wyvern (7 damage)
             ... on level 8 of the Dungeon.
             The game lasted 00:34:20 (11562 turns).

microfolk the Fighter (DrTm)                       Turns: 11562, Time: 00:34:20

Health: -4/106     AC:  6    Str: 14    XL:     10   Next: 24%
Magic:  17/20      EV: 10    Int: 16    God:    Fedhas [*.....]
Gold:   535        SH:  0    Dex: 11    Spells: 10/22 levels left

rFire    x . .     SeeInvis .     - Unarmed
rCold    + + +     Gourm    .   (shield currently unavailable)
rNeg     . . .     Faith    .   (armour unavailable)
rPois    +         Spirit   .   (helmet currently unavailable)
rElec    .         Reflect  .   (cloak currently unavailable)
rCorr    .         Harm     .   (gloves currently unavailable)
MR       +....                  (boots currently unavailable)
Stlth    +.........             (no amulet)
HPRegen  0.27/turn              (no ring)
MPRegen  0.17/turn              (no ring)

@: about to teleport, ice-form, very slightly contaminated, invisible
A: large, (breathe power), unfitting armour, AC +7
a: End Transformation, Fungal Bloom, Evolution, Renounce Religion


You were on level 8 of the Dungeon.
You worshipped Fedhas.
Fedhas was aware of your devotion.
You were not hungry.
You were a creature of crystalline ice.
You visited 2 branches of the dungeon, and saw 9 of its levels.
You also visited: Ossuary.

You collected 535 gold pieces.

Inventory:

Missiles
 a - 136 arrows
 e - 216 stones (quivered)
 s - 3 poisoned tomahawks
Armour
 g - a +0 pair of gloves (melded)
 B - a +0 pair of boots (melded)
Wands
 m - a wand of flame (86)
 v - a wand of digging (18)
 y - a wand of scattershot (3)
Scrolls
 d - a scroll of teleportation
 k - 2 scrolls of magic mapping
 l - 7 scrolls of remove curse
 o - 3 scrolls of vulnerability {unknown}
 p - 2 scrolls of enchant weapon {unknown}
 u - 3 scrolls of fear {unknown}
 z - 2 scrolls of identify
Potions
 f - 5 potions of curing
 h - 3 potions of lignification
 i - a potion of magic
 n - 2 potions of flight {unknown}
 r - 3 potions of mutation
 t - 3 potions of haste
 w - a potion of agility
 x - 2 potions of ambrosia {unknown}
Books
 b - a book of Changes

   Spells                             Type                      Level
   a - Beastly Appendage              Transmutation                1
   b - Sticks to Snakes               Transmutation                2
   c - Spider Form                    Transmutation/Poison         3
   d - Ice Form                       Ice/Transmutation            4
   e - Blade Hands                    Transmutation                5
 j - a book of Callings

   Spells                             Type                      Level
   a - Summon Small Mammal            Summoning                    1
   b - Call Imp                       Summoning                    2
   c - Call Canine Familiar           Summoning                    3
   d - Summon Guardian Golem          Hexes/Summoning              3
   e - Summon Lightning Spire         Summoning/Air                4
   f - Summon Ice Beast               Ice/Summoning                4
 A - a book of Minor Magic

   Spells                             Type                      Level
   a - Magic Dart                     Conjuration                  1
   b - Blink                          Translocation                2
   c - Call Imp                       Summoning                    2
   d - Slow                           Hexes                        2
   e - Conjure Flame                  Conjuration/Fire             3
   f - Mephitic Cloud                 Conjuration/Poison/Air       3
Comestibles
 c - 2 rations


   Skills:
 + Level 8.3 Fighting
 - Level 1.7 Dodging
 + Level 8.2 Unarmed Combat
 + Level 6.8 Spellcasting
 + Level 7.8 Transmutations
 - Level 4.0 Ice Magic
 - Level 2.0 Poison Magic


You had 10 spell levels left.
You knew the following spells:

 Your Spells              Type           Power        Failure   Level  Hunger
a - Beastly Appendage     Tmut           ####..       1%          1    None
b - Sticks to Snakes      Tmut           ####....     1%          2    None
c - Spider Form           Tmut/Pois      ###.......   4%          3    ##.....
d - Ice Form              Ice/Tmut       ###.....     11%         4    ####...
e - Confusing Touch       Hex            #.....       13%         1    None
f - Apportation           Tloc           #.....       13%         1    None


Dungeon Overview and Level Annotations

Branches:
Dungeon (8/15)             Temple (1/1) D:7
   Lair: D:8-11

Altars:
Ashenzari
Elyvilon
Fedhas
Hepliaklqana
Kikubaaqudgha
Nemelex Xobeh
Okawaru
Qazlal
Ru
Sif Muna
Xom
Yredelemnul
Zin

Annotations:
D:1 exclusion: downstairs
D:2 exclusion: downstairs
D:3 equalderp2856's ghost, amateur MiFi
D:6 1 runed door, exclusion: downstairs
D:7 exclusion: 2 downstairs
D:8 Joseph


Innate Abilities, Weirdness & Mutations

((You can breathe bolts of dispelling energy.))
((Your rich purple scales are hard. (AC +7)))
You cannot fit into any form of body armour.
((You are cold-blooded and may be slowed by cold attacks.))


Message History

You fade into invisibility!
The wyvern barely misses you.
You are very lightly contaminated with residual magic.
The wyvern barely misses you.
Joseph unwields an uncursed quarterstaff.
Joseph wields an uncursed hunting sling.
Joseph shoots a sling bullet.
The sling bullet hits the hound!
An ogre comes into view. It is wielding a giant club.
Joseph looks more healthy.
The wyvern barely misses you. The ogre closely misses you.
You see here a sling bullet.
You hit the ogre. You freeze the ogre.
The ogre is lightly wounded.
The wyvern bites you.
* * * LOW HITPOINT WARNING * * *
As you read the scroll of teleportation, it crumbles to dust.
You feel strangely unstable. The wyvern closely misses you.
The ogre barely misses you. The wyvern bites you!
You die...
Fedhas appreciates your contribution to the ecosystem.

#.# #..# #.# ##..# #.#
#...# #(# #.#.# #.#
#.#.# #.## #.#.# #..#
#.#.# ##.#########.#.#
#.#.(@hlY.#.#.#
##.#.#####O#.#.#
####....# #(....#
#......@# #.....#####
#.##....# #(#.......#
#,*##.#.#####(##.####.#
*,* #.#))...(.##.# *,*
##***,* #.##.#######.#
*,* .>,,*,**#.##.# #.#
*,*


You could see Joseph, a wyvern, an ogre and a hound.

Vanquished Creatures
  A two-headed ogre (D:8)
  Pikel (D:7)
  The ghost of Tiareth the Magician, a novice DEWz of Sif Muna (D:7)
  The ghost of microfolk the Ruffian, an amateur DrTm (D:5)
  A wandering mushroom (D:8)
  Sigmund (D:2)
  Grum (D:8)
  A sky beast (D:4)
  2 orc warriors (D:7)
  4 ogres
  3 wolves
  6 centaurs (D:7)
  3 bullfrogs
  A wyvern skeleton (D:7)
  3 howler monkeys (D:7)
  3 orc priests
  2 hounds (D:4)
  A jelly (D:8)
  2 iguanas
  3 gnoll shamans (D:7)
  4 worker ants
  An orc wizard (D:8)
  Ijyb (D:4)
  A hound zombie (Ossuary)
  2 hound skeletons (D:5)
  4 mummies (Ossuary)
  12 gnolls
  10 adders
  A shadow imp (D:7)
  An ooze (D:4)
  An adder zombie (Ossuary)
  An adder skeleton (D:8)
  4 worms (D:2)
  A dart slug (D:1)
  4 leopard geckos
  11 orcs
  5 giant cockroaches
  10 hobgoblins
  11 jackals
  6 kobolds
  3 quokkas
  A ball python (D:3)
  6 bats
  4 frilled lizards
  A gnoll zombie (Ossuary)
  14 goblins
  A hobgoblin zombie (Ossuary)
  3 jackal zombies
  2 leopard gecko skeletons
  An orc zombie (Ossuary)
  A quokka skeleton (D:4)
  2 quokka zombies
  10 rats
  A spectral orc (D:5)
182 creatures vanquished.

Vanquished Creatures (collateral kills)
  Edmund (D:7)
  An orc warrior (D:7)
  2 ogres (D:7)
  2 scorpions
  A worker ant (D:7)
  A hound zombie (Ossuary)
  3 gnolls
  An adder (D:2)
  A shadow imp (D:7)
  An orc (D:7)
  2 goblin zombies (Ossuary)
  An orc zombie (Ossuary)
  A rat zombie (Ossuary)
18 creatures vanquished.

Vanquished Creatures (others)
  The ghost of erker the Transmogrifier, a novice OpTm of Cheibriados (D:8)
  A hippogriff (D:8)
  A wandering mushroom (D:8)
  4 slaves (D:8)
  2 orcs (D:8)
  5 fungi (D:7)
  15 plants (D:7)
  56 toadstools
85 creatures vanquished.

Grand Total: 285 creatures vanquished

Notes
Turn   | Place    | Note
-------+----------+-------------------------------------------
     0 | D:1      | microfolk the Draconian Transmuter began the quest for the Orb.
     0 | D:1      | Reached XP level 1. HP: 16/16 MP: 3/3
   202 | D:1      | You fall through a shaft!
   207 | D:2      | Reached XP level 2. HP: 16/23 MP: 3/5
   211 | D:2      | Learned a level 2 spell: Sticks to Snakes
   550 | D:1      | Reached XP level 3. HP: 6/29 MP: 1/6
   558 | D:1      | Learned a level 3 spell: Spider Form
  1115 | D:1      | Found a sparkling altar of Nemelex Xobeh.
  1628 | D:2      | Noticed Sigmund
  1733 | D:2      | Reached skill level 1 in Poison Magic
  1951 | D:2      | Reached XP level 4. HP: 37/37 MP: 5/7
  2479 | D:3      | Found a faded altar of an unknown god.
  2571 | D:3      | Reached XP level 5. HP: 23/44 MP: 2/8
  2956 | D:3      | Noticed equalderp2856's ghost (amateur MiFi)
  3306 | D:3      | Found a blossoming altar of Fedhas.
  3387 | D:3      | Found an iron altar of Okawaru.
  3657 | D:4      | Noticed a phantom
  3769 | D:4      | Noticed a sky beast
  3798 | D:4      | Noticed Edmund
  4005 | D:2      | Killed Sigmund
  4005 | D:2      | Reached XP level 6. HP: 39/52 MP: 1/9
  4498 | D:4      | Found a white marble altar of Elyvilon.
  4749 | D:5      | Entered Level 5 of the Dungeon
  4802 | D:5      | Found a glowing silver altar of Zin.
  4802 | D:5      | Noticed an angel
  4848 | D:4      | Reached skill level 5 in Unarmed Combat
  4848 | D:4      | Your scales start taking on a rich purple colour.
  4848 | D:4      | Reached XP level 7. HP: 56/60 MP: 0/11
  4967 | D:5      | Found a shimmering altar of Xom.
  4983 | D:5      | Noticed microfolk's ghost (amateur DrTm)
  5008 | D:5      | Killed microfolk's ghost
  5008 | D:5      | Reached skill level 5 in Fighting
  5008 | D:5      | Reached skill level 5 in Transmutations
  5047 | D:5      | Found a sand-covered staircase.
  5052 | Ossuary  | Entered an ossuary
  5705 | D:5      | Reached XP level 8. HP: 69/69 MP: 4/12
  5836 | D:5      | Learned a level 4 spell: Ice Form
  6001 | D:5      | Found a basalt altar of Yredelemnul.
  6267 | D:6      | Found a runed door.
  6272 | D:6      | Found a basalt altar of Yredelemnul.
  6622 | D:6      | Found a shattered altar of Ashenzari.
  6622 | D:6      | Found a deep blue altar of Sif Muna.
  6627 | D:6      | Found a faded altar of an unknown god.
  6629 | D:6      | Found a stormy altar of Qazlal.
  6630 | D:6      | Found a faded altar of an unknown god.
  6926 | D:4      | Reached skill level 1 in Ice Magic
  7175 | D:3      | Became a worshipper of Fedhas Madash
  7237 | D:4      | Noticed Ijyb
  7255 | D:4      | Killed Ijyb
  7402 | D:7      | Killed Edmund
  7669 | D:7      | Learned a level 1 spell: Confusing Touch
  7671 | D:7      | Learned a level 1 spell: Apportation
  8064 | D:7      | Reached XP level 9. HP: 63/78 MP: 12/15
  8694 | D:7      | Noticed Tiareth's ghost (novice DEWz)
  8969 | D:7      | Reached skill level 5 in Spellcasting
  9670 | D:7      | Killed Tiareth's ghost
  9896 | D:7      | Found a staircase to the Ecumenical Temple.
 10033 | Temple   | Entered the Ecumenical Temple
 10093 | D:8      | Noticed Pikel
 10105 | D:7      | Killed Pikel
 10246 | D:8      | Noticed erker's ghost (novice OpTm)
 10259 | D:8      | Killed erker's ghost
 10480 | D:8      | Reached * piety under Fedhas
 10519 | D:8      | Noticed Grum
 10571 | D:7      | Reached XP level 10. HP: 37/88 MP: 11/19
 10816 | D:8      | Found a sacrificial altar of Ru.
 10816 | D:8      | Found an ancient bone altar of Kikubaaqudgha.
 10892 | D:8      | Noticed Joseph
 11231 | D:8      | Killed Grum
 11524 | D:8      | Noticed a two-headed ogre
 11541 | D:8      | Killed a two-headed ogre
 11561 | D:8      | HP: 3/106 [wyvern (5)]
 11562 | D:8      | Slain by a wyvern

Skill      XL: |  1  2  3  4  5  6  7  8  9 10 |
---------------+-------------------------------+-----
Fighting       | 2 4 5 6 7 8 |  8.3
Poison Magic   | 1 2 |  2.0
Transmutations | 3 4 5 6 7 |  7.8
Unarmed Combat | 4 5 6 7 8 |  8.2
Spellcasting   | 3 4 6 |  6.8
Ice Magic      | 3 4 |  4.0
Dodging        | |  1.7

Action                   |  1- 3 |  4- 6 |  7- 9 | 10-12 || total
-------------------------+-------+-------+-------+-------++-------
Melee: Unarmed           |   122 |   168 |   277 |    47 ||   614
       Tailslap          |     7 |     7 |     4 |     1 ||    19
       Headbutt          |     6 |     4 |     3 |       ||    13
       Kick              |     5 |     7 |     3 |       ||    15
       Punch             |     2 |     3 |     2 |     1 ||     8
Throw: Stone             |       |     2 |     2 |       ||     4
 Cast: Beastly Appendage |    23 |    18 |    13 |       ||    54
       Sticks to Snakes  |     9 |     5 |    38 |     3 ||    55
       Spider Form       |     1 |    17 |    40 |     7 ||    65
       Ice Form          |       |       |     2 |     1 ||     3
Invok: Fungal Bloom      |       |       |    22 |     5 ||    27
       Evolution         |       |       |       |     2 ||     2
 Abil: End Transformatio |       |       |     1 |       ||     1
  Use: Scroll            |     2 |     9 |     5 |     1 ||    17
       Potion            |       |     1 |     3 |     1 ||     5
 Stab: Sleeping          |     1 |       |     1 |       ||     2
       Distracted        |       |       |     1 |       ||     1
  Eat: Chunk             |     5 |    11 |     6 |       ||    22
       Ration            |       |       |     6 |     1 ||     7
Armor: Skin              |    40 |    28 |    34 |     4 ||   106
Dodge: Dodged            |    97 |   126 |   252 |    45 ||   520
